 Dungeon Crawl Stone Soup version 0.28.0-53-g5a82cb258f (webtiles) character file.

Game seed: 15269127660957999874

4068 JohnEldenRing the Cleaver (level 10, -1/82 HPs)
             Began as a Gnoll Berserker on Aug 15, 2022.
             Was a Priest of Trog.
             Slain by a necrophage (5 damage)
             ... on level 6 of the Dungeon.
             The game lasted 00:36:21 (5456 turns).

JohnEldenRing the Cleaver (Gnoll Berserker)         Turns: 5456, Time: 00:36:24

Health: -1/82      AC: 14    Str: 19    XL:     10   Next: 25%
Magic:  17/17      EV: 14    Int:  7    God:    Trog [***...]
Gold:   420        SH:  0    Dex: 13    Spells: 19/19 levels left

rFire   . . .      SeeInvis .   F - +2 war axe (venom)
rCold   . . .      Faith    .   (no shield)
rNeg    . . .      Spirit   .   P - +0 steam dragon scales
rPois   .          Reflect  .   c - +0 helmet
rElec   .          Harm     .   C - +0 cloak
rCorr   .          Rampage  .   p - +0 pair of gloves
Will    ++...                   (no boots)
Stlth   +.........              (no amulet)
HPRegen 1.23/turn               h - +4 ring of protection
MPRegen 0.15/turn               M - +4 ring of slaying

@: confused, lethally poisoned (-1 -> -2), ambrosia-drunk, strong-willed, on
berserk cooldown, regenerating, slowed, very slow
A: fangs 1, strong nose, distributed training
a: Renounce Religion, Berserk, Trog's Hand


You were on level 6 of the Dungeon.
You worshipped Trog.
Trog was most pleased with you.
You visited 1 branch of the dungeon, and saw 6 of its levels.

You collected 420 gold pieces.

Inventory:

Hand Weapons
 a - a +0 hand axe
 r - a +3 flail of holy wrath
 u - a +0 vorpal falchion
 F - a +2 war axe of venom (weapon)
 J - the +4 dagger "Trog's Righteous Fury" {venom, rElec Stlth+}
   (You found it on level 5 of the Dungeon)

   It poisons the flesh of those it strikes.
   rElec:     It insulates you from electricity.
   Stlth:     It makes you more stealthy.
 O - a +0 halberd of flaming
Missiles
 g - 39 bolts
 o - 4 boomerangs (quivered)
 G - 4 silver javelins
Armour
 c - a +0 helmet (worn)
 p - a +0 pair of gloves (worn)
 x - a +2 ring mail of cold resistance
 C - a +0 cloak (worn)
 P - +0 steam dragon scales (worn)
Jewellery
 h - a +4 ring of protection (left hand)
 M - a +4 ring of slaying (right hand)
Wands
 E - a wand of polymorph (19)
 H - a wand of flame (5)
Scrolls
 b - a scroll of silence {unknown}
 d - a scroll of enchant armour {unknown}
 e - a scroll of magic mapping {unknown}
 f - a scroll of amnesia {unknown}
 i - 2 scrolls of immolation {unknown}
 j - 2 scrolls of fog {unknown}
 m - 2 scrolls of noise {unknown}
 n - a scroll of brand weapon {unknown}
 s - 2 scrolls of teleportation {unknown}
 v - 6 scrolls of identify {unknown}
 y - a scroll of vulnerability {unknown}
 A - 2 scrolls of fear {unknown}
Potions
 k - 2 potions of degeneration {unknown}
 l - 2 potions of might {unknown}
 q - a potion of cancellation {unknown}
 t - 2 potions of haste {unknown}
 w - a potion of berserk rage {unknown}
 z - a potion of flight {unknown}
 B - a potion of heal wounds {unknown}
 D - a potion of attraction {unknown}
 I - a potion of mutation {unknown}
 K - a potion of ambrosia
 L - a potion of lignification {unknown}
 N - 2 potions of curing {unknown}


   Skills:
 + Level 8.4 Fighting
 + Level 5.1 Short Blades
 + Level 5.1 Long Blades
 + Level 8.4 Axes
 + Level 5.1 Maces & Flails
 + Level 5.1 Polearms
 + Level 5.1 Staves
 + Level 5.1 Slings
 + Level 5.1 Bows
 + Level 5.1 Crossbows
 + Level 5.1 Throwing
 + Level 6.9 Armour
 + Level 6.9 Dodging
 + Level 5.1 Stealth
 + Level 5.1 Shields
 + Level 5.1 Unarmed Combat
 + Level 5.1 Spellcasting
 + Level 4.2 Conjurations
 + Level 4.2 Hexes
 + Level 4.2 Summonings
 + Level 4.2 Necromancy
 + Level 4.2 Translocations
 + Level 4.2 Transmutations
 + Level 4.2 Fire Magic
 + Level 4.2 Ice Magic
 + Level 4.2 Air Magic
 + Level 4.2 Earth Magic
 + Level 4.2 Poison Magic
 + Level 5.6 Invocations
 + Level 5.1 Evocations


You had 19 spell levels left.
You didn't know any spells.
Your spell library was empty.

Dungeon Overview and Level Annotations

Branches:
Dungeon (6/15)
 Temple: D:4-7

Altars:
Cheibriados
Okawaru
Ru
The Shining One


Innate Abilities, Weirdness & Mutations

You have very sharp teeth.
Your uncanny sense of smell can sniff out nearby items.
Your experience applies equally to all skills.


Message History

A necrophage comes into view.
The kobold unwields a +0 club.
The kobold wields a +0 hand crossbow.
The kobold shoots a bolt.
The bolt hits you!
* * * LOW HITPOINT WARNING * * *
The kobold hits you with a +0 dagger.
* * * LOW HITPOINT WARNING * * *
You barely miss the kobold.
You feel sick. The gnoll hits you but does no damage. The gnoll misses you.
You slash the kobold!
You kill the kobold!
Trog accepts your kill.
You feel sick.
The kobold shoots a bolt.
The bolt barely misses you.
The bolt hits the gnoll!
The gnoll completely misses you. The gnoll misses you.
You slash the kobold brigand!
The kobold brigand is moderately wounded.
The kobold brigand misses you.
The kobold shoots a bolt.
The bolt hits you.
* * * LOW HITPOINT WARNING * * *
You slice the kobold brigand!!
You kill the kobold brigand!
Trog accepts your kill.
You feel sick.
The gnoll hits you from afar with a +0 spear.
* * * LOW HITPOINT WARNING * * *
The gnoll throws a poisoned dart.
The poisoned dart closely misses you.
You slash the kobold!
You kill the kobold!
Trog accepts your kill.
You barely miss the necrophage.
You are no longer berserk.
You are exhausted.
You feel yourself slow down.
You feel sick. The gnoll barely misses you. The necrophage barely misses you.
The gnoll barely misses you.
It was a potion of ambrosia.
You are confused.
You feel invigorated.
You feel sick. The gnoll hits you with a +0 whip.
* * * LOW HITPOINT WARNING * * *
The gnoll hits you from afar with a +0 spear.
* * * LOW HITPOINT WARNING * * *
The necrophage hits you.
You die...

..[...# #<#
#####.#####...
##.###########.#######
#.# #... #.#
#......#......# #.#
#.#. ##.#
#.#####.#####.# #.#
#.#. .#.# #.# ###.#
#.#. ...# #.# .....#
#.#. #..# #.# .......
..#. #..###
##Z###........ #....##
# #.gg@nK..#
####..##.## #..###g..#
##.....# #..# ...# ∆∆
#.##..# #..# ...# ∆∆
#.##..# #.Y###...### #
##.##..###ggK........
####†.##.......g.....#
.....## #...KKg.#
##.#######.......# #


You could see a necrophage, 3 gnolls, a kobold and a centaur skeleton.

Vanquished Creatures
  Maggie (D:6)
  A shadow (D:6)
  6 yaks (D:4)
  Edmund (D:4)
  A water moccasin (D:6)
  Duvessa (D:6)
  3 black bears
  A sky beast (D:6)
  A necrophage (D:4)
  3 centaurs
  2 phantoms
  A kobold brigand (D:6)
  A bullfrog (D:6)
  4 scorpions
  2 water moccasin skeletons
  Dowan (D:6)
  2 howler monkeys (D:6)
  6 electric eels (D:5)
  A bullfrog zombie (D:5)
  2 hounds
  A gnoll shaman (D:6)
  4 orc priests
  A bullfrog skeleton (D:6)
  A jelly (D:4)
  An iron imp (D:4)
  Jessica (D:3)
  2 centaur skeletons (D:5)
  2 iguanas
  2 orc wizards
  A killer bee zombie (D:6)
  2 hound skeletons
  A howler monkey zombie (D:5)
  2 gnolls (D:6)
  7 adders
  A white imp (D:6)
  A worm (D:1)
  3 dart slugs
  17 orcs
  6 endoplasms
  3 giant cockroaches
  3 goblins
  7 hobgoblins
  3 jackals (D:3)
  8 ball pythons
  6 bats
  5 frilled lizards
  12 kobolds
  5 rats
149 creatures vanquished.

Vanquished Creatures (others)
  A sky beast (D:6)
  A bush (D:6)
  16 plants
18 creatures vanquished.

Grand Total: 167 creatures vanquished

Notes
Turn   | Place    | Note
-------+----------+-------------------------------------------
     0 | D:1      | JohnEldenRing the Gnoll Berserker began the quest for the
                  | Orb.
     0 | D:1      | Reached XP level 1. HP: 23/23 MP: 1/1
   145 | D:2      | Reached XP level 2. HP: 29/29 MP: 2/2
   232 | D:3      | Noticed Jessica
   234 | D:3      | Killed Jessica
   235 | D:3      | Reached skill level 1 in Invocations
   235 | D:3      | Reached XP level 3. HP: 35/35 MP: 2/4
   275 | D:3      | Reached skill level 1 in Short Blades
   275 | D:3      | Reached skill level 1 in Long Blades
   275 | D:3      | Reached skill level 1 in Maces & Flails
   275 | D:3      | Reached skill level 1 in Polearms
   275 | D:3      | Reached skill level 1 in Staves
   275 | D:3      | Reached skill level 1 in Slings
   275 | D:3      | Reached skill level 1 in Bows
   275 | D:3      | Reached skill level 1 in Crossbows
   275 | D:3      | Reached skill level 1 in Throwing
   275 | D:3      | Reached skill level 1 in Stealth
   275 | D:3      | Reached skill level 1 in Shields
   275 | D:3      | Reached skill level 1 in Unarmed Combat
   275 | D:3      | Reached skill level 1 in Spellcasting
   275 | D:3      | Reached skill level 1 in Evocations
   318 | D:4      | Reached XP level 4. HP: 41/41 MP: 5/5
   335 | D:4      | Noticed a necrophage
   343 | D:4      | Killed a necrophage
   344 | D:4      | Reached skill level 1 in Conjurations
   344 | D:4      | Reached skill level 1 in Hexes
   344 | D:4      | Reached skill level 1 in Summonings
   344 | D:4      | Reached skill level 1 in Necromancy
   344 | D:4      | Reached skill level 1 in Translocations
   344 | D:4      | Reached skill level 1 in Transmutations
   344 | D:4      | Reached skill level 1 in Fire Magic
   344 | D:4      | Reached skill level 1 in Ice Magic
   344 | D:4      | Reached skill level 1 in Air Magic
   344 | D:4      | Reached skill level 1 in Earth Magic
   344 | D:4      | Reached skill level 1 in Poison Magic
   344 | D:4      | Reached XP level 5. HP: 47/47 MP: 5/7
   385 | D:4      | Noticed a yak
   385 | D:4      | Noticed a yak
   401 | D:4      | Killed a yak
   402 | D:4      | Reached XP level 6. HP: 53/53 MP: 8/8
   406 | D:4      | Killed a yak
   407 | D:4      | Reached skill level 5 in Armour
   407 | D:4      | Reached skill level 5 in Dodging
   407 | D:4      | Reached XP level 7. HP: 59/59 MP: 8/10
   411 | D:5      | Entered Level 5 of the Dungeon
   874 | D:5      | Reached ** piety under Trog
   911 | D:5      | Found a sacrificial altar of Ru.
  1255 | D:4      | Reached XP level 8. HP: 44/67 MP: 12/12
  1507 | D:4      | Noticed Edmund
  1515 | D:4      | Killed Edmund
  1585 | D:3      | Found an iron altar of Okawaru.
  2173 | D:1      | Found a faded altar of an unknown god.
  3380 | D:3      | Reached *** piety under Trog
  3799 | D:4      | Noticed a yak
  3804 | D:4      | Noticed a yak
  3805 | D:4      | Noticed a yak
  3811 | D:4      | Killed a yak
  3812 | D:4      | Killed a yak
  3815 | D:4      | Noticed a yak
  3817 | D:4      | Killed a yak
  3818 | D:4      | Reached XP level 9. HP: 60/73 MP: 14/14
  3974 | D:4      | Found a snail-covered altar of Cheibriados.
  4202 | D:5      | Identified the +4 dagger "Trog's Righteous Fury" {venom,
                  | rElec Stlth+}
  5091 | D:6      | Reached skill level 5 in Invocations
  5115 | D:6      | Noticed Duvessa
  5126 | D:6      | Killed Duvessa
  5128 | D:6      | Noticed Dowan
  5136 | D:6      | Killed Dowan
  5179 | D:6      | Noticed Maggie
  5180 | D:6      | Found a glowing golden altar of the Shining One.
  5191 | D:6      | Killed Maggie
  5192 | D:6      | Reached XP level 10. HP: 68/80 MP: 17/17
  5327 | D:6      | Reached skill level 5 in Short Blades
  5327 | D:6      | Reached skill level 5 in Long Blades
  5327 | D:6      | Reached skill level 5 in Maces & Flails
  5327 | D:6      | Reached skill level 5 in Polearms
  5327 | D:6      | Reached skill level 5 in Staves
  5327 | D:6      | Reached skill level 5 in Slings
  5327 | D:6      | Reached skill level 5 in Bows
  5327 | D:6      | Reached skill level 5 in Crossbows
  5327 | D:6      | Reached skill level 5 in Throwing
  5327 | D:6      | Reached skill level 5 in Stealth
  5327 | D:6      | Reached skill level 5 in Shields
  5327 | D:6      | Reached skill level 5 in Unarmed Combat
  5327 | D:6      | Reached skill level 5 in Spellcasting
  5327 | D:6      | Reached skill level 5 in Evocations
  5456 | D:6      | HP: 4/82 [gnoll/+0 spear (4)]
  5456 | D:6      | Slain by a necrophage

Illustrated notes

Levels and vault maps discovered:
D:1:      dpeg_arrival_brainrot, layout_basic,
          dilly_ecumenical_altar_fadedgnrine
D:2:      minmay_door_path, layout_basic, minmay_pentomino_v4
D:3:      cheibrodos_pilgrimage, layout_basic,
          mainiacjoe_overflow_surrounded_room, minmay_misc_feat_more_columns,
          uniq_jessica
D:4:      layout_loops_ring, chei_slow_surprise, uniq_edmund
D:5:      cheibrodos_two_vegetables, layout_rooms, hangedman_ru_absence
D:6:      layout_loops_ring, mainiacjoe_overflow_alcove_4,
          hangedman_feature_mirror, kb_lookout_dungeons_type,
          minmay_joined_circles, uniq_duvessa, uniq_maggie

Skill      XL: |  1  2  3  4  5  6  7  8  9 10 |
---------------+-------------------------------+-----
Invocations    | 1 2 3 4 5 |  5.6
Short Blades   | 1 2 3 4 5 |  5.1
Long Blades    | 1 2 3 4 5 |  5.1
Maces & Flails | 1 2 3 4 5 |  5.1
Polearms       | 1 2 3 4 5 |  5.1
Staves         | 1 2 3 4 5 |  5.1
Slings         | 1 2 3 4 5 |  5.1
Bows           | 1 2 3 4 5 |  5.1
Crossbows      | 1 2 3 4 5 |  5.1
Throwing       | 1 2 3 4 5 |  5.1
Stealth        | 1 2 3 4 5 |  5.1
Shields        | 1 2 3 4 5 |  5.1
Unarmed Combat | 1 2 3 4 5 |  5.1
Spellcasting   | 1 2 3 4 5 |  5.1
Evocations     | 1 2 3 4 5 |  5.1
Conjurations   | 1 2 3 4 |  4.2
Hexes          | 1 2 3 4 |  4.2
Summonings     | 1 2 3 4 |  4.2
Necromancy     | 1 2 3 4 |  4.2
Translocations | 1 2 3 4 |  4.2
Transmutations | 1 2 3 4 |  4.2
Fire Magic     | 1 2 3 4 |  4.2
Ice Magic      | 1 2 3 4 |  4.2
Air Magic      | 1 2 3 4 |  4.2
Earth Magic    | 1 2 3 4 |  4.2
Poison Magic   | 1 2 3 4 |  4.2
Armour         | 5 6 |  6.9
Dodging        | 5 6 |  6.9
Fighting       | 7 8 |  8.4
Axes           | 7 8 |  8.4

Action                   |  1- 3 |  4- 6 |  7- 9 | 10-12 || total
-------------------------+-------+-------+-------+-------++-------
Melee: Hand axe          |    27 |    18 |   226 |       ||   271
       Bite              |     3 |     4 |    48 |     4 ||    59
       Punch             |       |       |    16 |     1 ||    17
       Flail             |       |       |    38 |       ||    38
       War axe           |       |       |    95 |    40 ||   135
       Dagger            |       |       |    66 |       ||    66
Throw: Boomerang         |       |       |    52 |       ||    52
Invok: Berserk           |     3 |     2 |     3 |     1 ||     9
       Trog's Hand       |       |       |       |     1 ||     1
  Use: Potion            |       |       |       |     1 ||     1
 Stab: Sleeping          |       |       |     5 |       ||     5
Armor: Animal skin       |     3 |     1 |       |       ||     4
       Leather armour    |       |       |    34 |       ||    34
       Chain mail        |       |       |    34 |       ||    34
       Robe              |       |       |     8 |       ||     8
       Ring mail         |       |       |   124 |       ||   124
       Steam dragon scal |       |       |       |    26 ||    26
Dodge: Dodged            |    11 |     5 |   272 |    41 ||   329
